Map: [ESL] Gresvan

Players

marcj (uThermal)

  • Race: Terran Terran
  • League: Master
  • Spawn Location: 11:00

Serral - Winner!

  • Race: Zerg Zerg
  • Spawn Location: 5:00

Event: HomeStory Cup XXIII

VOD

Have the link to the VOD?

Description

Time

  • Played on: July 1, 2023, 1:14 p.m.
  • Length: 6:54

All games in this series

Show
View Real Time Build Order
Export as new Build Order

marcj Terran 

Build Orders:  

Get SALT Encoding   

  12  0:00  SCV  
  13  0:12  SCV  
  14  0:17  Supply Depot  
  14  0:24  SCV  
  15  0:39  SCV  
  15  0:40  Barracks  
  16  0:43  Refinery  
  16  0:51  SCV  
  17  0:59  Barracks  
  17  1:03  SCV  
  18  1:15  SCV  
  19  1:27  Orbital Command, Reaper  
  20  1:36  Barracks  
  20  1:41  Refinery  
  20  1:47  Reaper  
  21  1:56  Supply Depot  
  21  1:57  SCV  
  22  2:02  Reaper  
  23  2:17  SCV  
  23  2:19  Reaper  
  25  2:25  Reaper, Supply Depot  
  25  2:29  SCV  
  28  2:37  Reaper  
  28  2:41  SCV  
  29  2:51  Command Center  
  29  2:52  Reaper  
  29  2:57  SCV, Reaper  
  30  3:13  Engineering Bay, Reaper, SCV  
  32  3:25  Marine, SCV  
  33  3:31  Barracks  
  33  3:33  Barracks  
  33  3:38  SCV  
  33  3:41  Terran Infantry Weapons Level 1  
  34  3:44  Barracks Tech Lab  
  34  3:46  Barracks Tech Lab  
  34  3:49  Reaper  
  35  3:58  Barracks  
  35  4:03  Orbital Command  
  35  4:10  Stimpack  
  35  4:12  Reaper  
  35  4:15  Reaper  
  37  4:18  Refinery  
  37  4:22  SCV  
  37  4:23  Reaper  
  39  4:29  SCV  
  40  4:33  Reaper  
  40  4:34  SCV  
  42  4:41  SCV, Reaper  
  42  4:44  Supply Depot  
  44  4:46  SCV  
  44  4:48  Reaper  
  46  4:53  SCV, Reaper  
  46  4:56  Supply Depot  
  46  4:58  SCV  
  49  5:01  Reaper  
  49  5:05  SCV  
  49  5:07  Reaper, Supply Depot  
  51  5:10  SCV  
  53  5:17  SCV, Reaper  
  53  5:19  Reaper  
  51  5:22  SCV  
  51  5:24  Reaper  
  51  5:32  Command Center  
  51  5:33  Reaper  
  51  5:34  SCV  
  53  5:39  Reaper  
  54  5:43  Reaper  
  54  5:44  SCV, Supply Depot  
  54  5:48  SCV  
  52  6:09  SCV  
  52  6:10  SCV  
  37  6:11  Reaper  
  37  6:12  Reaper  
  37  6:14  Reaper  
  37  6:15  Reaper  
  36  6:22  SCV x2  
  35  6:34  SCV x2  
Show
View Real Time Build Order
Export as new Build Order

Serral Zerg - Winner!

Build Orders: Pool First 

Get SALT Encoding   

  12  0:00  Drone  
  13  0:13  Overlord  
  13  0:17  Drone  
  14  0:31  Drone x2  
  14  0:34  Drone  
  17  0:45  Extractor, Drone  
  17  0:50  Spawning Pool  
  17  0:56  Drone  
  17  1:07  Drone  
  18  1:18  Hatchery  
  17  1:20  Drone  
  18  1:36  Queen  
  18  1:37  Zergling x2  
  18  1:39  Zergling x2  
  22  1:45  Metabolic Boost  
  22  1:52  Overlord  
  22  2:12  Queen  
  25  2:15  Zergling x2  
  25  2:16  Zergling x2  
  26  2:23  Zergling x2  
  27  2:32  Queen  
  27  2:34  Zergling x2  
  27  2:35  Overlord  
  30  2:45  Zergling x6  
  30  2:47  Drone  
  34  2:52  Drone  
  34  2:55  Evolution Chamber  
  34  2:57  Drone  
  35  3:00  Spore Crawler  
  35  3:03  Spore Crawler  
  33  3:10  Drone x2  
  36  3:15  Drone  
  36  3:19  Drone x3  
  40  3:26  Zerg Ground Armor Level 1  
  40  3:29  Overlord  
  40  3:32  Drone  
  41  3:47  Hatchery  
  40  3:50  Drone  
  40  3:51  Drone  
  40  3:52  Drone  
  40  3:55  Drone  
  44  3:58  Drone x2  
  44  4:01  Drone  
  48  4:02  Drone  
  48  4:06  Drone  
  48  4:07  Drone  
  50  4:10  Overlord  
  50  4:13  Drone  
  51  4:18  Extractor  
  51  4:20  Drone  
  51  4:23  Baneling Nest  
  50  4:24  Drone, Overlord  
  50  4:29  Overlord, Drone  
  52  4:34  Zergling x6  
  52  4:36  Zergling x2  
  55  4:38  Zergling x2  
  55  4:41  Zergling x2  
  57  4:46  Zergling x6  
  57  4:51  Zergling x4  
  62  4:58  Zergling x6  
  65  5:02  Zergling x4  
  65  5:06  Overlord  
  65  5:17  Zergling x12  
  68  5:22  Zergling x2  
  69  5:31  Baneling x8, Zergling x8  
  69  5:32  Zergling x8  
  69  5:33  Baneling  
  69  5:34  Baneling x4  
  77  5:39  Zergling x6  
  80  5:43  Baneling x2  
  80  5:47  Zergling x2  
  80  5:48  Zergling x2  
  76  5:59  Zergling x12  
  75  6:06  Zergling x2  
  75  6:08  Zergling x14  
  73  6:12  Zergling x2  
  73  6:18  Zergling x4  
  72  6:27  Zergling x2  
  72  6:30  Zergling x4  
Tags
 
Add a new tag
Caveats
  • Supply blocks, unpowered buildings, or Contaminate may cause inaccurate times.
  • Supply counts are checked every 10 seconds.